[Event "Late-Titled-Tuesday-Blitz-February-06-2024"]
[Site "Chess.com"]
[Date "2024.02.06"]
[Round "4"]
[White "Mistango"]
[Black "Ducke13"]
[Result "1-0"]
[WhiteElo "2498"]
[BlackElo "2288"]
[TimeControl "180+1"]
[EndTime "14:39:39 PST"]
[Termination "Mistango won on time"]

1. e4 c5 2. Nf3 d6 3. d4 cxd4 4. Nxd4 Nf6 5. Nc3 a6 6. f4 e5 7. Nb3 Be7 8. fxe5 dxe5 9. Qxd8+ Bxd8 10. Be3 O-O 11. O-O-O Nc6 12. h3 Be7 13. g4 Re8 14.
g5 Nh5 15. Nd5 Bd8 16. Rg1 Be6 17. h4 Rc8 18. a3 Nf4 19. Kb1 Na5 20. Nxa5 Bxa5 21.
Nxf4 exf4 22. Bxf4 b5 23. Bd3 b4 24. axb4 Bxb4 25. Bd2 a5 26. Bxb4 axb4 27. b3 Rc3 28. Kb2 Rec8 29. Rg2 g6 30. Rgd2 Kg7 31. Ra1 h5 32.
Ra4 Rb8 33. Rd1 Rb6 34. Rd2 Rb8 35. Ra6 Rd8 36. Rb6 Rd4 37. Rxb4 Rxc2+ 38. Rxc2 Rxb4 39.
Bc4 Bg4 40. Kc3 Rb7 41. b4 Bf3 42. Bd5 Rb6 43. Kc4 Kf8 44. b5 Rb8 45. Rb2 Ke7 46. b6 f6 47. gxf6+ Kxf6 48. b7 Ke5 49. Rb6 g5 50.
hxg5 h4 51. Rh6 Kf4 52. Rxh4+ Kxg5 53. Rh7 Be2+ 54. Kc5 Ba6 55. Kb6 Bxb7 56. Rxb7 Re8 57. Kc5 Kf4 58. Kd4 Rd8 59. Rf7+ Kg5 60. e5 Rb8 61. e6 Re8 62. Ke5 Kg6 63. Rf1 Kg7 64.
Bc6 Rc8 65. e7 Rb8 66. e8=Q Rxe8+ 67. Bxe8 1-0

[Event "Late-Titled-Tuesday-Blitz-February-06-2024"]
[Site "Chess.com"]
[Date "2024.02.06"]
[Round "4"]
[White "Statham_01"]
[Black "spaski2004"]
[Result "0-1"]
[WhiteElo "2592"]
[BlackElo "2945"]
[TimeControl "180+1"]
[EndTime "14:39:42 PST"]
[Termination "spaski2004 won on time"]

1. e4 d5 2. exd5 Qxd5 3. Nf3 Nc6 4. d4 Bg4 5. Be2 O-O-O 6. c4 Qh5 7. Nc3 e5 8. d5 Bxf3 9. Bxf3 Qg6 10. Be3 f5 11. O-O e4 12. Bh5 Qf6 13. Qa4 Ne5 14. Qxa7 Qa6 15. Qd4 Nc6 16. Qd2 Qxc4 17. Be2 Qb4 18. Qc2 Nd4 19. Bxd4 Qxd4 20. Nb5 Qe5 21. Rac1 Bd6 22. g3 Ne7 23. Rfd1 f4 24. Bg4+ Kb8 25. Qa4 Nc8 26. Bxc8 Kxc8 27. Na7+ Kb8 28. Rc3 fxg3 29. Nc6+ bxc6 30. Qa6 gxf2+ 31. Kf1 Bb4 32. Rxc6 Rxd5 33. Rb6+ cxb6 34. Qxb6+ Kc8 35. Qc6+ Qc7 36. Qxd5 Rd8 37.
Qe6+ Kb8 38. Rxd8+ Qxd8 39. Qe5+ Qd6 40. Qxe4 Bc5 41.
Qe8+ Kc7 42. Qf7+ Kc6 43. Qf3+ Kb6 44. a3 Qd4 45. b4 Qa1+ 46. Kg2 Qg1+ 47. Kh3 f1=Q+ 0-1

[Event "Late-Titled-Tuesday-Blitz-February-06-2024"]
[Site "Chess.com"]
[Date "2024.02.06"]
[Round "4"]
[White "Escanor89"]
[Black "inagreV"]
[Result "1-0"]
[WhiteElo "2521"]
[BlackElo "2345"]
[TimeControl "180+1"]
[EndTime "14:39:42 PST"]
[Termination "Escanor89 won on time"]

1. e4 c6 2. d4 d5 3. Nd2 dxe4 4. Nxe4 Nf6 5. Nxf6+ exf6 6. c3 Bd6 7. Bd3 O-O 8.
Qc2 Re8+ 9. Ne2 h5 10. Be3 Nd7 11. O-O-O Nf8 12. Kb1 Be6 13. c4 Rc8 14. Nc3 b5 15. c5 Be7 16. h3 a5 17. g4 a4 18.
gxh5 Rb8 19. Ne2 Qd5 20. Nc1 b4 21. Qe2 Bf5 22. Rhg1 Bxd3+ 23. Nxd3 Ne6 24. Qg4 f5 25. Qg2 Qxg2 26. Rxg2 Bf6 27. Ne5 Bxe5 28. dxe5 f4 29. Bc1 Rbd8 30. Rd6 Nxc5 31. h6 g6 32. Bxf4 Ne4 33.
Rxd8 Rxd8 34. e6 Rf8 35. exf7+ Rxf7 36. Rxg6+ Kh7 37. Rg7+ Rxg7 38. hxg7 Kxg7 39. f3 Nf2 40. Bd6 Nxh3 41. Bxb4 Kf6 42. Kc2 Ke5 43. Bd2 Kd4 44. f4 Nf2 45. Bc3+ Ke4 46. Be5 Nd3 47. Kc3 a3 48.
bxa3 Nc5 49. Kc4 Ne6 50. a4 1-0

[Event "Late-Titled-Tuesday-Blitz-February-06-2024"]
[Site "Chess.com"]
[Date "2024.02.06"]
[Round "4"]
[White "Akhayan"]
[Black "Dinamo3"]
[Result "1/2-1/2"]
[WhiteElo "2375"]
[BlackElo "2519"]
[TimeControl "180+1"]
[EndTime "14:39:44 PST"]
[Termination "Game drawn by agreement"]

1. e4 c5 2. Nf3 Nc6 3. Nc3 g6 4. Bc4 Bg7 5. O-O e6 6. d4 cxd4 7. Nb5 d6 8. Nfxd4 Nxd4 9. Nxd4 a6 10. c3 Ne7 11. Be3 O-O 12. Qd2 b5 13. Bb3 Qc7 14. Bg5 Re8 15. Rfe1 Nc6 16. Nxc6 Qxc6 17.
h3 Bb7 18. Rad1 Be5 19. Bf4 Bxf4 20. Qxf4 Rad8 21. h4 h5 22. Re3 a5 23. Rde1 a4 24.
Bc2 e5 25. Qg5 Qd7 26. Rg3 Kh7 27. Bd1 Qe7 28. Qxe7 Rxe7 29. Rd3 d5 30. exd5 Rxd5 31.
Rxd5 Bxd5 32. a3 f6 33. Be2 Bc4 34. Bxc4 bxc4 35. Re4 Rc7 36. f4 Rc5 37. fxe5 fxe5 38. Kf2 Kg7 39. Re2 Kf6 40. Ke3 Ke6 41. Ke4 Rb5 42. Rd2 Rb8 43. g3 Rb5 44. Rf2 Rb8 45. Rd2 Rb5 46. Re2 Rb6 47. Rf2 Rb8 48. Rg2 Rd8 49. g4 hxg4 50. Rxg4 Kf6 51. Rg2 Rh8 52. Rf2+ Ke6 53. Rg2 Rxh4+ 54. Ke3 Kf5 55. Rf2+ Rf4 56.
Rh2 g5 57. Rh8 Rh4 58. Rf8+ Kg4 59. Ke4 Rh2 60. Kxe5 Rxb2 61. Rc8 Kg3 62. Rxc4 Rc2 63. Kf5 Kf3 64. Kxg5 Ke3 65. Kf5 Kd3 66. Rxa4 Kxc3 67. Ra8 Ra2 68. Ke4 Kb3 69. Kd3 Rxa3 70. Rb8+ Ka2+ 71.
Kc2 Ra7 72. Rb2+ Ka3 73. Rb1 Rc7+ 74. Kd3 Rc8 1/2-1/2

[Event "Late-Titled-Tuesday-Blitz-February-06-2024"]
[Site "Chess.com"]
[Date "2024.02.06"]
[Round "4"]
[White "cthake"]
[Black "sari07"]
[Result "0-1"]
[WhiteElo "1808"]
[BlackElo "2431"]
[TimeControl "180+1"]
[EndTime "14:39:44 PST"]
[Termination "sari07 won on time"]

1. e4 e5 2. Nf3 Nc6 3. d4 exd4 4. Bc4 Nf6 5. e5 d5 6. Bb5 Ne4 7. Nxd4 Bc5 8. c3 O-O 9. Bxc6 bxc6 10. O-O Ba6 11. Re1 Bb6 12. Qg4 f5 13. exf6 Qxf6 14. Be3 Nxf2 15. Qe6+ Qxe6 16. Nxe6 Rf6 17. Nd4 Raf8 18.
Nf3 Nd3 19. Re2 Nf4 20. Re1 Nh3+ 21. Kh1 Bxe3 22. Rxe3 Ng5 23. Nbd2 Nxf3 24. Nxf3 Bc8 25. Rae1 Bf5 26. h3 Be4 27. Rf1 Bxf3 28. Rfxf3 Rxf3 29. gxf3 Kf7 30. c4 Re8 31. Ra3 Re1+ 32. Kh2 Re2+ 33.
Kg3 Rxb2 34. Rxa7 dxc4 35. Rxc7+ Kf8 36. Rxc6 Rc2 37. a4 c3 38. a5 Rc1 39. a6 Ra1 40.
Rxc3 Rxa6 41. Rc7 Kg8 42. h4 h6 43. f4 h5 44. Kf3 Kh7 45. Rc5 Kg6 46. Rg5+ Kh6 47.
Rc5 Ra3+ 48. Ke4 g6 49. Rg5 Rh3 0-1

[Event "Late-Titled-Tuesday-Blitz-February-06-2024"]
[Site "Chess.com"]
[Date "2024.02.06"]
[Round "4"]
[White "Mikayel99"]
[Black "Binary010"]
[Result "0-1"]
[WhiteElo "2530"]
[BlackElo "2833"]
[TimeControl "180+1"]
[EndTime "14:39:47 PST"]
[Termination "Binary010 won by resignation"]

1. e4 e5 2. Nf3 Nc6 3. Bc4 Nf6 4. d3 Be7 5. O-O O-O 6. a3 d6 7.
Nc3 Bg4 8. h3 Bh5 9. Be3 Qc8 10.
Kh2 Kh8 11. Nd5 Nxd5 12. Bxd5 Nd8 13. g4 Bg6 14. Nd2 c6 15. Bb3 Ne6 16. Bxe6 fxe6 17.
f4 exf4 18. Bxf4 e5 19. Be3 Qe6 20. Qe2 d5 21. Rxf8+ Rxf8 22. Rf1 Rxf1 23. Qxf1 Kg8 24. Qf3 d4 25. Bf2 b5 26. h4 Qa2 27. h5 Bf7 28. Qf5 Qxb2 29. Qxe5 Bf8 30. Qxd4 Qxc2 31. Nf3 c5 32. Qe3 c4 33. dxc4 bxc4 34. e5 Bd5 35. e6 Qe4 36. Qxe4 Bxe4 37. Nd2 Bd5 38. Bxa7 c3 39.
Nf1 c2 40. Be3 Bxa3 41. e7 Kf7 42. Ng3 Kxe7 43. Nf5+ Kf7 44. Kg3 Be6 45. Nd4 c1=Q 46. Bxc1 Bxc1 47. Nc6 Bb2 48. Nb4 Be5+ 49. Kf3 Bd6 50. Nc2 Bd5+ 51. Ke3 Kf6 52. Ne1 Kg5 53.
Nc2 Kxg4 54. Kd4 Bf7 55. Ne3+ Kg5 56. Ke4 Bxh5 57. Nc4 Be7 58. Ne5 Bf6 59. Nc6 Bg6+ 60. Kf3 h5 61. Nb4 Bf5 62. Nd5 h4 63. Nf4 h3 64.
Ne2 Be5 65. Nc1 h2 66. Kg2 Be4+ 0-1

[Event "Late-Titled-Tuesday-Blitz-February-06-2024"]
[Site "Chess.com"]
[Date "2024.02.06"]
[Round "4"]
[White "szachmistrz2500"]
[Black "Korchmar_Vasiliy"]
[Result "0-1"]
[WhiteElo "2501"]
[BlackElo "2723"]
[TimeControl "180+1"]
[EndTime "14:39:48 PST"]
[Termination "Korchmar_Vasiliy won on time"]

1. d4 d5 2. c4 c6 3. Nf3 Nf6 4. Qc2 Bg4 5. Ne5 Be6 6. Bf4 g6 7. e3 Nh5 8. Bg3 Bg7 9. Nd2 Nxg3 10. hxg3 O-O 11. Bd3 c5 12. cxd5 Bxd5 13. O-O cxd4 14. exd4 Nc6 15. Nxc6 Bxc6 16. Nb3 Qd5 17. f3 Bxd4+ 18.
Nxd4 Qxd4+ 19. Rf2 Rfd8 20. Bc4 Rac8 21. Qb3 e6 22. Bf1 Bd5 23. Qd3 Qb6 24. Qb5 Qd4 25.
Qd3 Qxd3 26. Bxd3 Bc6 27. Rd1 Rd4 28. Bc2 Rxd1+ 29. Bxd1 Rd8 30. Bb3 h5 31. Rc2 Kg7 32. Kf2 g5 33. Ke3 Kf6 34. a4 Rh8 35. a5 a6 36. Bc4 h4 37. gxh4 gxh4 38. Bxa6 Ra8 39. Bd3 Rxa5 40. Be4 Bxe4 41. Kxe4 Rb5 42. Kf4 Rb4+ 43.
Ke3 Kf5 44. Rc5+ e5 45. Rc7 Rb3+ 46. Kd2 Rxb2+ 47. Kc3 Rxg2 48. Rxf7+ Kg6 49. Rxb7 h3 50. Rb8 h2 51. Rh8 Kf5 52. Kd3 Kf4 53. Rf8+ Kg3 54. Rh8 Kf2 55. Ke4 Ke2 56. Rh3 Kf1 57. Kxe5 Re2+ 58.
Kf5 Kg2 59. Rh8 Kxf3 60. Kg5 Kg2 61. Kf4 h1=Q 0-1

[Event "Late-Titled-Tuesday-Blitz-February-06-2024"]
[Site "Chess.com"]
[Date "2024.02.06"]
[Round "4"]
[White "Bala-Afiada"]
[Black "rionelG"]
[Result "1-0"]
[WhiteElo "2023"]
[BlackElo "2236"]
[TimeControl "180+1"]
[EndTime "14:39:48 PST"]
[Termination "Bala-Afiada won on time"]

1. d4 d5 2. c4 e6 3. Nf3 Nf6 4. g3 Be7 5. Qc2 O-O 6. Bg2 dxc4 7. Qxc4 a6 8. O-O b5 9. Qc2 Bb7 10. Nc3 c5 11. dxc5 Bxc5 12. Rd1 Qb6 13. e3 Nc6 14. a3 a5 15. Bd2 Rad8 16. Be1 h6 17. Rxd8 Rxd8 18. Rd1 Rxd1 19. Qxd1 Ne7 20. Ne5 Bxg2 21.
Kxg2 Bd6 22. Nd3 b4 23. Na4 Qc6+ 24. f3 Nf5 25. Bf2 bxa3 26. bxa3 Bxa3 27. e4 Ne7 28. Nac5 Nd7 29. Nb3 a4 30. Nd4 Qc3 31. Qc2 Qxc2 32. Nxc2 Bd6 33. Ndb4 Nc5 34. Na2 Nd3 35. Bd4 e5 36. Bc3 Bc5 37. Kf1 Nc6 38. Ke2 Bg1 39.
Kxd3 Bxh2 40. g4 g6 41. Ne3 h5 42. gxh5 gxh5 43. Nc4 Bg3 44. Nd6 h4 45. Nf5 Bf2 46.
Bd2 h3 47. Be3 1-0

[Event "Late-Titled-Tuesday-Blitz-February-06-2024"]
[Site "Chess.com"]
[Date "2024.02.06"]
[Round "4"]
[White "iwanyu"]
[Black "GMBenjaminBok"]
[Result "0-1"]
[WhiteElo "2827"]
[BlackElo "2996"]
[TimeControl "180+1"]
[EndTime "14:39:49 PST"]
[Termination "GMBenjaminBok won by resignation"]

1. d4 Nf6 2. c4 e6 3. Nf3 b6 4. g3 Ba6 5. Nbd2 Bb7 6. Bg2 Be7 7. O-O O-O 8. b3 c5 9. Bb2 Qc7 10. d5 exd5 11. cxd5 Bxd5 12. e4 Bb7 13. Nh4 g6 14. e5 Ne8 15. Ne4 Bxh4 16. gxh4 Bxe4 17. Bxe4 Nc6 18.
h5 Rd8 19. Qd5 Ng7 20. h6 Nf5 21. Qd2 Ncd4 22. f4 d5 23. Bd3 Qe7 24. Rae1 Qh4 25.
e6 fxe6 26. Bxf5 Nxf5 27. Rxe6 d4 28. Qg2 Qxh6 29. Rf3 Nh4 30. Rh3 Nxg2 31. Rxh6 Kg7 32.
Kxg2 Kxh6 33. Bc1 Kg7 34. f5 Rxf5 35. h4 Kf7 36. Rc6 Re8 37. Bg5 Re2+ 38. Kg3 d3 39. Rd6 d2 40. Bxd2 Rff2 41. Bg5 Rg2+ 42. Kf3 Ref2+ 43. Ke3 Rxa2 44. Rd7+ Ke6 45. Rxh7 Rab2 46. Ke4 Rxb3 47. Re7+ Kd6 48. Rg7 Rg4+ 49. Bf4+ Ke6 50. h5 Rb4+ 51. Ke3 Rgxf4 52. h6 Rfe4+ 53. Kf3 Rh4 54. h7 Rb3+ 55. Kg2 Rbh3 56. Rxg6+ Kf5 57. Rg3 Rxg3+ 0-1

[Event "Late-Titled-Tuesday-Blitz-February-06-2024"]
[Site "Chess.com"]
[Date "2024.02.06"]
[Round "4"]
[White "Practical-Play"]
[Black "Szparu"]
[Result "1-0"]
[WhiteElo "2585"]
[BlackElo "2804"]
[TimeControl "180+1"]
[EndTime "14:39:49 PST"]
[Termination "Practical-Play won by resignation"]

1. e4 e6 2. d4 d5 3. Nc3 Nf6 4. e5 Nfd7 5. f4 c5 6. Nf3 Nc6 7. Be3 Be7 8. Qd2 O-O 9. Be2 b6 10. O-O-O c4 11. f5 b5 12. f6 gxf6 13. Bh6 Kh8 14.
exf6 Nxf6 15. Ne5 Nxe5 16. dxe5 Ng8 17. Kb1 b4 18. Nb5 Nxh6 19. Qxh6 Rg8 20. Rdf1 Rg7 21. Bh5 Bg5 22. Qxg7+ Kxg7 23. Rxf7+ Kg8 24. Rhf1 Be7 25. R1f3 Kh8 26. Rg3 Bf8 27. Nd6 Bd7 28. Bf3 Bxd6 29. exd6 Qe8 30. Rgg7 Qxf7 31. Rxf7 Rd8 32. Re7 Kg8 33.
Kc1 h6 34. Kd2 Kf8 35. Ke3 Bc8 36. Kf4 Rxd6 37. Rc7 Rd8 38. Rxa7 Rd7 39. Ra8 Rc7 40. Ke5 Ke7 41. g4 Bb7 42. Rh8 Kd7 43. Rxh6 Bc8 44. Rh7+ Kc6 45. Rxc7+ Kxc7 46. h4 Kd8 47. g5 Ke7 48. h5 Kf8 49. Kf6 d4 50. Be4 d3 51.
cxd3 c3 52. bxc3 bxc3 53. d4 Bb7 54. Bc2 Bf3 55. h6 Be4 56. Bxe4 1-0

[Event "Late-Titled-Tuesday-Blitz-February-06-2024"]
[Site "Chess.com"]
[Date "2024.02.06"]
[Round "4"]
[White "Vicmary2005"]
[Black "jinxy2009"]
[Result "1-0"]
[WhiteElo "2013"]
[BlackElo "2236"]
[TimeControl "180+1"]
[EndTime "14:39:50 PST"]
[Termination "Vicmary2005 won by resignation"]

1. e4 c5 2. Nf3 Nc6 3. c3 Nf6 4. e5 Nd5 5. d4 cxd4 6. cxd4 d6 7.
Bc4 Nb6 8. Bb5 Bd7 9. O-O dxe5 10. Bxc6 Bxc6 11. Nxe5 Bd5 12. Nc3 e6 13. Re1 Be7 14.
Re3 Rc8 15. Qh5 g6 16. Qh6 Bf8 17. Qf4 Rc7 18. Bd2 Bg7 19. Nb5 Re7 20. Bb4 O-O 21. Qh4 Rd7 22. Qg4 Bxe5 23. Bxf8 Bxh2+ 24. Kxh2 Qxf8 25. Rh3 a6 26. Nc3 f5 27. Qf4 Qf6 28. Rd1 Kg7 29.
Qe5 Qxe5+ 30. dxe5 Kf7 31. Rxh7+ Ke8 32. Rxd7 Kxd7 33. Nxd5 Nxd5 34. f3 g5 35. g4 f4 36.
Kg2 Ke7 37. Kf2 Nb4 38. a3 Nc6 39. Re1 Kf7 40. Rd1 Ke7 41. Rh1 Nxe5 42. Rh7+ Nf7 43. Rg7 Kf6 44. Rg8 Nd6 45. Rd8 Ke7 46. Rg8 Kf6 47. Rb8 Ke5 48. b4 Kf6 49. Rd8 e5 50. Rxd6+ Ke7 51. Rg6 1-0

[Event "Late-Titled-Tuesday-Blitz-February-06-2024"]
[Site "Chess.com"]
[Date "2024.02.06"]
[Round "4"]
[White "Pelusiansky"]
[Black "balachess2006"]
[Result "1/2-1/2"]
[WhiteElo "2468"]
[BlackElo "2697"]
[TimeControl "180+1"]
[EndTime "14:39:51 PST"]
[Termination "Game drawn - insufficient material"]

1. c4 Nf6 2. Nc3 g6 3. d4 d5 4. Nf3 Bg7 5. h4 dxc4 6. e4 c5 7. d5 b5 8. h5 O-O 9. hxg6 fxg6 10. e5 Ng4 11. d6 Bb7 12. Bg5 Qa5 13. dxe7 Re8 14.
Qd8 Nc6 15. Qxa5 Nxa5 16. Nxb5 Nxe5 17. Nxe5 Bxe5 18. O-O-O Bc6 19. Nd6 Reb8 20. Nxc4 Nxc4 21. Bxc4+ Kg7 22. b3 a5 23. Rd8 Be8 24. Re1 Bd4 25. Rxb8 Rxb8 26. Be3 a4 27. Bxd4+ cxd4 28. Re4 axb3 29.
axb3 Rb7 30. Kd2 Ra7 31. Kd3 Ra2 32. Re2 Rxe2 33. Kxe2 Kf6 34. Kd3 Kxe7 35. Kxd4 Kd6 36. b4 Bc6 37. f3 g5 38. Bd3 h5 39. Be4 Bb5 40. Bd3 Bc6 41. b5 Bd7 42. b6 h4 43. b7 Kc7 44. Be4 h3 45. gxh3 Bxh3 46. Ke3 Bd7 47. Kf2 Be6 48. Kg3 Bd7 49. Bd5 Bf5 50. Be4 Be6 51. Kf2 Bd7 52. Ke3 Bb5 53. Kd4 Be2 54. Ke5 g4 55. fxg4 Bxg4 56. Kd4 Bd7 57. Kc5 Kb8 58. Kd6 Bh3 59. Bd5 Bf1 60.
Kc5 Ba6 61. Kb6 Bxb7 1/2-1/2

[Event "Late-Titled-Tuesday-Blitz-February-06-2024"]
[Site "Chess.com"]
[Date "2024.02.06"]
[Round "4"]
[White "koziororo"]
[Black "ChadBiryani"]
[Result "1-0"]
[WhiteElo "2621"]
[BlackElo "2458"]
[TimeControl "180+1"]
[EndTime "14:39:53 PST"]
[Termination "koziororo won by resignation"]

1. Nc3 f5 2. g4 d6 3. gxf5 Bxf5 4. e4 Bd7 5. Bc4 Nf6 6. d4 e5 7. dxe5 dxe5 8. Nf3 Nc6 9. Ng5 Bg4 10. Bf7+ Ke7 11. Nd5+ Qxd5 12. Qxd5 Nxd5 13. Bxd5 Nd4 14. Nf7 Nxc2+ 15.
Kf1 c6 16. Bg5+ Ke8 17. Rc1 cxd5 18. Nxh8 Nd4 19. exd5 Bf3 20. Rg1 Ne2 21. Rc7 Nxg1 22. Kxg1 Bd6 23. Rxg7 Bxd5 24. Rxh7 Rc8 25. Ng6 Rc2 26.
Nxe5 Rxb2 27. Rh8+ Bf8 28. h4 Rxa2 29. Bh6 Ra1+ 30.
Kh2 Rh1+ 31. Kg3 Rg1+ 32. Kf4 Rg8 33. Rh7 Bxh6+ 34. Rxh6 Rf8+ 35. Ke3 a5 36. Rd6 Bb3 37. Rb6 a4 38. Rxb7 Rf5 39. f4 Rh5 40. Kd4 Kd8 41. Ra7 Rxh4 42. Nc6+ Kc8 43. Ke5 Rh6 44. Nd4 Rh5+ 45.
f5 Rh1 46. f6 Re1+ 47. Kd6 Rd1 48. Kc5 Rc1+ 49. Kd6 Rd1 50. Ke5 Re1+ 51. Kf5 Rf1+ 52. Kg6 Kb8 53. Rh7 a3 54. Nxb3 a2 55. Rh2 Rf3 56. Rxa2 Rxb3 57. Rf2 Rg3+ 58. Kh5 Kc7 59. f7 Rh3+ 60. Kg4 Rh8 61. f8=Q 1-0

[Event "Late-Titled-Tuesday-Blitz-February-06-2024"]
[Site "Chess.com"]
[Date "2024.02.06"]
[Round "4"]
[White "ChessFanNM"]
[Black "ninguno46"]
[Result "0-1"]
[WhiteElo "2347"]
[BlackElo "2525"]
[TimeControl "180+1"]
[EndTime "14:39:53 PST"]
[Termination "ninguno46 won on time"]

1. e4 c5 2. Nf3 Nc6 3. Bb5 d6 4. O-O Bd7 5. Re1 Nf6 6. c3 a6 7.
Bf1 Bg4 8. Na3 g6 9. h3 Bxf3 10. Qxf3 Bh6 11. Nc2 O-O 12. a4 Rc8 13. Qd1 e5 14. b3 Qe7 15. Bb2 Bg7 16. Ne3 Qd7 17. d3 d5 18. Qf3 d4 19. Nc4 Qd8 20. a5 Ne8 21. Nb6 Rc7 22. Nd5 Rd7 23. c4 Nxa5 24. b4 cxb4 25. Nxb4 Nb3 26. Rad1 Nc7 27. Ba3 Re8 28.
g4 Bf8 29. Nd5 Nxd5 30. Bxf8 Nf4 31. Bh6 Qf6 32. g5 Qe6 33. h4 Nc5 34. Kh2 Rb8 35. h5 b6 36. Bh3 Nxh3 37. Qxh3 Qxh3+ 38. Kxh3 f6 39. f4 exf4 40. gxf6 Kf7 41. e5 Ne6 42. Kg4 g5 43. Kf5 Rg8 44. Rg1 Rdd8 45. Bxg5 Rxg5+ 46.
Rxg5 Nxg5 47. Kxg5 Ke6 48. Kxf4 Rg8 49. Re1 h6 50.
Rb1 Rb8 51. Re1 b5 52. cxb5 Rxb5 53. Ra1 a5 54. Ra4 Rxe5 55. Rxd4 Rf5+ 56. Ke4 Rxh5 57. f7 Kxf7 0-1

[Event "Late-Titled-Tuesday-Blitz-February-06-2024"]
[Site "Chess.com"]
[Date "2024.02.06"]
[Round "4"]
[White "Dzidzik2203"]
[Black "el008"]
[Result "1/2-1/2"]
[WhiteElo "2382"]
[BlackElo "2534"]
[TimeControl "180+1"]
[EndTime "14:39:54 PST"]
[Termination "Game drawn - insufficient material"]

1. b3 b6 2. Bb2 Bb7 3. Nf3 e6 4. c4 Nf6 5. e3 g6 6. Be2 Bg7 7. O-O O-O 8. Nc3 d5 9. Rc1 c5 10. cxd5 Nxd5 11. Qc2 Nc6 12. Rfd1 Rc8 13. h4 h5 14. Nxd5 Qxd5 15. Bxg7 Kxg7 16. Qb2+ Kg8 17. Qf6 Qf5 18. Qxf5 exf5 19. d4 cxd4 20. Nxd4 Nxd4 21. exd4 Rxc1 22. Rxc1 Rd8 23. Rc7 Be4 24. Bc4 Bd5 25.
Bxd5 Rxd5 26. Rxa7 Rxd4 27. Rb7 Rb4 28. g3 Kg7 29. f4 Kf6 30. Kf2 Ke6 31. Ke3 f6 32. Rg7 Re4+ 33. Kd3 Re1 34. Rxg6 Kf7 35. Rh6 Re8 36.
Rh7+ Ke6 37. Rb7 Rg8 38. Rxb6+ Ke7 39. Rb7+ Ke6 40. Kd4 Rxg3 41. a4 Rf3 42. a5 Rxf4+ 43. Kc5 Rf1 44. a6 Ra1 45. Kb5 f4 46. Rb6+ Ke5 47.
Rc6 f3 48. Rc2 Kf4 49. Kb6 Kg3 50. b4 f2 51. Rxf2 Kxf2 52. b5 f5 53. Ka7 f4 54.
b6 f3 55. b7 Rb1 56. b8=Q Rxb8 57. Kxb8 Kg3 58. a7 f2 59. a8=Q f1=Q 60. Qa3+ Kxh4 61. Qe7+ Kg4 62. Qg7+ Kh3 63. Qd7+ Kh2 64. Qd6+ Kg2 65. Qg6+ Kf2 66. Qf5+ Ke1 67. Qxh5 Qf8+ 68.
Kc7 Qg7+ 69. Kd6 Qg3+ 70. Kd5 Qb3+ 71. Kd6 Qb8+ 72. Ke7 Qb4+ 73. Kf6 Qf8+ 74. Kg5 Qc5+ 75. Kh4 Qg1 76. Qg4 Qh1+ 77. Kg5 Qh8 78. Qh4+ Qxh4+ 79. Kxh4 1/2-1/2

[Event "Late-Titled-Tuesday-Blitz-February-06-2024"]
[Site "Chess.com"]
[Date "2024.02.06"]
[Round "4"]
[White "VladimirKramnik"]
[Black "chenxiaoyuer"]
[Result "0-1"]
[WhiteElo "2915"]
[BlackElo "2766"]
[TimeControl "180+1"]
[EndTime "14:39:57 PST"]
[Termination "chenxiaoyuer won on time"]

1. c4 Nf6 2. Nc3 g6 3. g3 Bg7 4.
Bg2 O-O 5. d3 d6 6. Rb1 a5 7. a3 e5 8. b4 axb4 9. axb4 c6 10. b5 Re8 11. bxc6 bxc6 12. Bg5 Qa5 13. Bd2 Be6 14. Nf3 Qc7 15. O-O Nbd7 16. Ng5 Bf5 17. h3 h6 18. e4 Be6 19. Nxe6 Rxe6 20. f4 Ree8 21. f5 Reb8 22. Kh2 Rxb1 23. Qxb1 Nc5 24.
Be3 Qa5 25. Qc2 Rb8 26. fxg6 fxg6 27. Ne2 Qa4 28. Qxa4 Nxa4 29. Ra1 Nb2 30. Nc1 Bf8 31. Bf3 Nd7 32. Bg4 Nc5 33. Bxc5 dxc5 34. Be6+ Kg7 35. Ra7+ Kf6 36. Bg4 h5 37. Be2 Bh6 38. Na2 Rd8 39.
Ra6 Rd6 40. Nc3 Nxd3 41. Nd5+ Ke6 42. Bxd3 cxd5 43. exd5+ Ke7 44. Ra7+ Kf6 45. Rc7 e4 46. Bxe4 Ke5 47. Bg2 Kd4 48. Bf1 Rf6 49. Kg2 Be3 50.
g4 Rf2+ 51. Kg3 Rxf1 52. Kh4 hxg4 53. Kxg4 Rg1+ 54. Kf3 Rf1+ 55. Ke2 Rf2+ 56. Ke1 Kd3 57. Ra7 Rh2 58. Ra3+ Ke4 59. d6 Rd2 0-1

[Event "Late-Titled-Tuesday-Blitz-February-06-2024"]
[Site "Chess.com"]
[Date "2024.02.06"]
[Round "4"]
[White "bipe137"]
[Black "Alex_Sahakyan2006"]
[Result "0-1"]
[WhiteElo "2585"]
[BlackElo "2891"]
[TimeControl "180+1"]
[EndTime "14:39:58 PST"]
[Termination "Alex_Sahakyan2006 won by resignation"]

1. d4 Nf6 2. c4 c5 3. d5 b5 4. Nf3 g6 5. Qc2 Bg7 6. e4 d6 7. cxb5 O-O 8. Nc3 a6 9. a4 axb5 10.
Bxb5 Ba6 11. O-O Bxb5 12. Nxb5 Na6 13. Bd2 Nc7 14. Nxc7 Qxc7 15. Bc3 Rfb8 16. Nd2 Nd7 17. Bxg7 Kxg7 18. b3 Rb4 19. f4 Rab8 20. Rf3 Rd4 21. Rd3 Qa7 22. Kh1 Nf6 23. Re1 Ng4 24. Re2 c4 25.
Rxd4 Qxd4 26. h3 cxb3 27. Nxb3 Rxb3 28. hxg4 Qxa4 29. Kh2 h6 30. Qc7 Qb5 31. Rf2 Rb1 32. Qc3+ Kg8 33. g5 hxg5 34. fxg5 Qb8 35. Qf3 Qf8 36.
Qf4 Qg7 37. Rf3 Qe5 38. Kg3 Re1 39. Qxe5 dxe5 40. Rd3 Rxe4 41. d6 exd6 42. Rxd6 Kg7 43. Kf3 Rf4+ 44. Kg3 Rf5 45. Kg4 Rf4+ 46. Kg3 Kf8 47.
Rd7 Ke8 48. Rd5 Rf5 49. Kg4 Ke7 50. Ra5 Rf4+ 51. Kg3 Ke6 52. Ra7 Rf5 53. Kg4 Rf4+ 54. Kg3 Rf1 55. Kg4 Kd5 56. Ra5+ Ke6 57. Ra6+ Ke7 58.
Ra7+ Kf8 59. Ra5 Re1 60. Kf3 Ke7 61. g4 Ke6 62. Ra6+ Ke7 63. Ra7+ Kf8 64. Ra4 Rf1+ 65. Ke4 Rf4+ 0-1

[Event "Late-Titled-Tuesday-Blitz-February-06-2024"]
[Site "Chess.com"]
[Date "2024.02.06"]
[Round "4"]
[White "yaguigor"]
[Black "Levanzovsky"]
[Result "0-1"]
[WhiteElo "2710"]
[BlackElo "2542"]
[TimeControl "180+1"]
[EndTime "14:40:01 PST"]
[Termination "Levanzovsky won by resignation"]

1. Nf3 Nf6 2. c4 c5 3. Nc3 e6 4. g3 b6 5. Bg2 Bb7 6. O-O Be7 7.
Re1 a6 8. e4 d6 9. d4 cxd4 10.
Nxd4 Qc7 11. Be3 Nbd7 12. Rc1 h5 13. h3 Rc8 14. f4 Qb8 15. b3 g6 16. f5 gxf5 17.
exf5 e5 18. Nf3 Rg8 19. Kh2 Qa8 20. Rg1 Nc5 21. Nh4 Bxg2 22. Rxg2 Nce4 23. Nxe4 Nxe4 24.
Nf3 Qc6 25. Nd2 Nf6 26. Qf3 Qxf3 27. Nxf3 b5 28. Nd2 Kd7 29. Re2 d5 30. Ree1 bxc4 31. bxc4 d4 32. Bf2 Bb4 33. Red1 Bxd2 34. Rxd2 Ne4 35.
Re2 Nxf2 36. Rxf2 f6 37. Re2 Rb8 38. Kg2 Kd6 39. Kf3 Kc5 40. g4 hxg4+ 41. hxg4 Rb4 42.
Rec2 Rh8 43. Kg3 d3 44. Rc3 Kd4 45. c5 d2 46. c6 dxc1=Q 47. Rxc1 Rc8 48. c7 Rc4 49. Rd1+ Ke4 50. Rd6 R4xc7 51. Rxf6 Rc3+ 52. Kh4 Rh8+ 53. Kg5 Rg8+ 54. Rg6 Rxg6+ 55. Kxg6 Kf4 56. g5 Rg3 57. f6 Rxg5+ 58. Kh6 Rf5 59. Kg7 e4 60. f7 Rxf7+ 61. Kxf7 e3 62. Ke6 e2 63. Kd5 e1=Q 64.
Kc5 Qa5+ 0-1

[Event "Late-Titled-Tuesday-Blitz-February-06-2024"]
[Site "Chess.com"]
[Date "2024.02.06"]
[Round "4"]
[White "ferdipy"]
[Black "xakevicius91"]
[Result "1-0"]
[WhiteElo "2411"]
[BlackElo "2582"]
[TimeControl "180+1"]
[EndTime "14:40:01 PST"]
[Termination "ferdipy won by resignation"]

1. e4 c5 2. d4 cxd4 3. c3 Nf6 4. e5 Nd5 5. Nf3 d6 6. cxd4 e6 7. a3 Bd7 8. Bd3 Bc6 9. O-O Nd7 10.
Qe2 Be7 11. Bd2 O-O 12. Nc3 Rc8 13. Rac1 N7b6 14. Rfd1 Nxc3 15. Bxc3 Nd5 16. Bd2 Qb6 17. b4 dxe5 18. dxe5 Ba4 19. Re1 Rxc1 20. Rxc1 Rd8 21. Qe4 g6 22. Bg5 Bc6 23. Qh4 Bxg5 24. Nxg5 h5 25.
Nxf7 Kxf7 26. Rc5 Rd7 27. Qg5 Qd8 28. Qxg6+ Kf8 29. Qh6+ Rg7 30. Qh8+ Rg8 31. Qh6+ Kf7 32. Qxh5+ Kf8 33. Qh6+ Rg7 34. Qh8+ Rg8 35. Qh6+ Ke7 36. b5 Be8 37. Be4 Bf7 38. Qc1 Ke8 39. Rc8 Ne7 40. Rxd8+ Kxd8 41. Bxb7 Rg4 42. g3 Rg6 43. Qc5 Ke8 44. Qxa7 Kf8 45. Qb8+ Kg7 46. Qc7 Nf5 47. Be4 Rg5 48. Bxf5 Rxf5 49. b6 Rf3 50. b7 Kh6 51. b8=Q Bg6 52. Qh8+ Kg5 53. Qc1+ Kf5 54.
Qf6+ Ke4 55. Qe1+ Kd4 56. Qxf3 Be4 57. Qfxe4+ Kc5 58. Qc3+ Kb5 59. Qeb4+ Ka6 60. Qc6+ 1-0